AoeStats
← JellyGolem

Arabia

506574463Analyzed
2v2 RM · 20d ago on Sep 14, 2026· 26m 46s· 4 players
Game mode
Random Map
Map size
Medium (4 player)
Population
200
Speed
Normal
Resources
Standard
Victory
Conquest
Starting age
Dark Age
Ending age
Imperial Age
RankedLock teamsTeams togetherTeam positionsShared explorationLock speedFull tech treeHidden civsTurbo modeCheats
Victory
Defeat
🇺🇸 Vietnamese · United States
981
+14
🇺🇸 Armenians · United States
932
+16
🇦🇷 Khmer · Argentina
952
-16
🇦🇷 Ethiopians · Argentina
910
-14
Lanchona
7:24 Loom
10:32 Feudal Age
11:26 Double-Bit Axe
18:14 Fletching
24:08 Padded Archer Armor
27:53 Castle Age
Bacham
5:41 Loom
10:04 Feudal Age
10:45 Horse Collar
10:53 Double-Bit Axe
21:35 Bloodlines
mmill105
10:53 Feudal Age
11:23 Double-Bit Axe
11:41 Man-at-Arms
13:10 Loom
18:07 Horse Collar
20:49 Wheelbarrow
21:54 Forging
21:45 Scale Mail Armor
21:36 Fletching
22:57 Padded Archer Armor
27:32 Castle Age
26:49 Arson
JellyGolem
7:29 Loom
10:45 Feudal Age
10:52 Man-at-Arms
13:23 Double-Bit Axe
14:21 Long Swordsman
17:45 Wheelbarrow
18:59 Scale Mail Armor
19:10 Forging
22:34 Gold Mining
Connection lost

Rejoining the realm…

Still unreachable

The connection could not be restored.

Session expired

The server has moved on; the page needs a fresh start.